 Dungeon Crawl Stone Soup version 0.31.0-11-ge490571c62 (webtiles) character file.

Game seed: 13880433070936531058

67 stipulation the Grave Robber (level 4, -3/21 HPs)
             Began as a Vine Stalker Necromancer on Jan 28, 2024.
             Killed from afar by Ijyb (14 damage)
             ... with a bolt of dispelling energy
             ... on level 3 of the Dungeon.
             The game lasted 00:03:08 (2328 turns).

stipulation the Grave Robber (VSNe)                 Turns: 2328, Time: 00:03:09

Health: -3/21      AC:  4    Str: 16    XL:     4   Next: 16%
Magic:  0/10       EV: 12    Int: 17    God:
Gold:   80         SH:  0    Dex: 15    Spells: 8/9 levels left

rFire   . . .        (no weapon)
rCold   . . .        (no shield)
rNeg    . . .        a - +0 robe
rPois   .            (no helmet)
rElec   .            r - +0 cloak
rCorr   .            (no gloves)
SInv    .            s - +0 pair of boots
Will    .....        (no amulet)
Stlth   ++           p - +6 ring of strength
HPRegen 1.03/turn    (no ring)
MPRegen 0.12/turn

%: guardian spirit
@: no status effects
A: fangs 2, regeneration 1, magic shield, antimagic bite, no potion heal 2
a: no special abilities


You were on level 3 of the Dungeon.
You visited 1 branch of the dungeon, and saw 3 of its levels.

You collected 80 gold pieces.

Inventory:

Armour
 a - a +0 robe (worn)
 r - a +0 cloak (worn)
 s - a +0 pair of boots (worn)
Jewellery
 o - an amulet of faith
 p - a +6 ring of strength (left hand)
Wands
 q - a wand of polymorph (4)
Scrolls
 d - a scroll of immolation {unknown}
 f - a scroll of vulnerability {unknown}
 g - a scroll of fear {unknown}
 h - a scroll of enchant weapon {unknown}
 i - a scroll of amnesia {unknown}
 l - 2 scrolls of revelation {unknown}
 m - 2 scrolls of noise {unknown}
Potions
 b - a potion of magic
 c - a potion of curing {unknown}
 e - a potion of berserk rage {unknown}
 j - 2 potions of mutation {unknown}
 k - a potion of haste {unknown}
 n - a potion of attraction {unknown}


   Skills:
 - Level 1.5 Dodging
 - Level 2.4 Stealth
 + Level 3.4 Spellcasting
 + Level 4.8 Necromancy


You had 8 spell levels left.
You knew the following spells:

 Your Spells              Type           Power      Damage    Failure   Level
a - Necrotise             Necr           76%        1d7       2%          1

Your spell library contained the following spells:

 Spells                   Type           Power      Damage    Failure   Level
 Vampiric Draining        Necr           19%        2d7       7%          3
 Animate Dead             Necr           19%        N/A       22%         4
 Curse of Agony           Necr           19%        N/A       54%         5


Dungeon Overview and Level Annotations

Branches:
Dungeon (3/15)

Altars:

Annotations:
D:3 Ijyb


Innate Abilities, Weirdness & Mutations

You have extremely sharp teeth.
Your natural rate of healing is unusually fast.
When hurt, damage is shared between your health and your magic reserves.
Your bite disrupts and absorbs the magic of your enemies.
Potions cannot restore your health.


Message History

You start resting.
Terence crumbles into dust!
Your frilled lizard skeleton crumbles into dust!
Magic restored.
A hobgoblin comes into view.
The hobgoblin shouts!
A hobgoblin is nearby!
The hobgoblin writhes in agony.
The hobgoblin writhes in agony.
You kill the hobgoblin!
The dead are walking!
A giant cockroach comes into view.
You can't see any susceptible monsters within range! (Use Z to cast anyway.) Ijyb the Twisted Goblin comes into view.
She is wielding a +0 club and carrying a wand of quicksilver.
Ijyb shouts!
The giant cockroach writhes in agony.
The giant cockroach writhes in agony.
The giant cockroach bites you but does no damage.
Your hobgoblin skeleton barely misses the giant cockroach.
Ijyb zaps a wand.
The bolt of dispelling energy hits you!
You are too injured to fight recklessly!
The giant cockroach closely misses you.
Ijyb screams, "Level is mine!
All mine!"
Ijyb zaps a wand.
The bolt of dispelling energy hits you!
* * * LOW HITPOINT WARNING * * *
The giant cockroach attacks as it pursues you!
The giant cockroach bites you but does no damage.
The giant cockroach attacks as it pursues you!
The giant cockroach bites you but does no damage.
The giant cockroach attacks as it pursues you!
The giant cockroach barely misses you. x2
The giant cockroach attacks as it pursues you!
The giant cockroach bites you but does no damage.
The giant cockroach attacks as it pursues you!
The giant cockroach bites you.
Ijyb zaps a wand.
The bolt of dispelling energy hits the giant cockroach!!
The giant cockroach dies!
The bolt of dispelling energy hits you!
Ouch! That really hurt!
You die...

.... ..... .......
### ....... ...#
....... .....
......#######.....
.......)@........#
###.............#
#.......#####..
#.............#
#....g...#...##
#..............
####..#........
.## ####...#######
....##..†#......#


You could see Ijyb.

Vanquished Creatures
  Terence (D:3)
  A ribbon worm (D:2)
  4 bats
  An endoplasm (D:1)
  7 goblins
  7 hobgoblins
  2 jackals (D:1)
  2 quokkas
  4 ball pythons
  3 frilled lizards
  3 kobolds
  4 rats
39 creatures vanquished.

Vanquished Creatures (others)
  A giant cockroach (D:3)
1 creature vanquished.

Grand Total: 40 creatures vanquished

Notes
Turn   | Place    | Note
-------+----------+-------------------------------------------
     0 | D:1      | stipulation the Vine Stalker Necromancer began the quest
                  | for the Orb.
     0 | D:1      | Reached XP level 1. HP: 9/9 MP: 4/4
   143 | D:1      | Reached XP level 2. HP: 13/13 MP: 0/6
  1042 | D:2      | Reached XP level 3. HP: 16/16 MP: 2/8
  2244 | D:3      | Noticed Terence
  2248 | D:3      | Killed Terence
  2249 | D:3      | Reached XP level 4. HP: 21/21 MP: 5/10
  2314 | D:3      | Noticed Ijyb
  2328 | D:3      | Killed from afar by Ijyb

Illustrated notes

Levels and vault maps discovered:
D:1:      scummos_arrival_simple_crosswalls, layout_loops_cross
D:2:      layout_basic, roderic_serpentine_path, kennysheep_generic_room_13
D:3:      layout_rooms, beargit_hepliaklqana_dungeon_heroes, lemuel_tele_altar,
          serial_park_tiny_2, uniq_terence, uniq_sigmund, uniq_ijyb

Skill      XL: |  1  2  3 |
---------------+----------+-----
Spellcasting   | 3 |  3.4
Dodging        | |  1.5
Stealth        | |  2.4
Necromancy     | |  4.8

Action                     |  1- 3 |  4- 6 || total
---------------------------+-------+-------++-------
  Melee: Unarmed           |     4 |     4 ||     8
         Bite              |     2 |       ||     2
   Cast: Necrotise         |    73 |     6 ||    79
 Armour: Robe              |    12 |     9 ||    21
  Dodge: Dodged            |    16 |     6 ||    22
